Map: Cactus Valley LE (Void)

Players

Someday

  • Race: Zerg Zerg
  • League: Master
  • Spawn Location: 5:00

llIIllIllIIl (Jason) - Winner!

  • Race: Terran Terran
  • League: Grandmaster
  • Spawn Location: 7:00

VOD

Have the link to the VOD?

Description

Time

  • Played on: March 9, 2017, 8:13 p.m.
  • Length: 11:30
Show
View Real Time Build Order
Export as new Build Order

Someday Zerg 

Build Orders: Pool First, Muta Ling Bane, Zergling Baneling 

Get SALT Encoding   

  12  0:01  Drone  
  13  0:12  Overlord  
  13  0:18  Drone  
  14  0:31  Drone x2  
  14  0:35  Drone  
  17  0:45  Extractor  
  17  0:46  Drone  
  17  0:50  Spawning Pool  
  16  0:57  Drone  
  17  1:08  Drone  
  18  1:20  Hatchery  
  18  1:24  Drone  
  18  1:39  Queen  
  21  1:40  Zergling x2  
  21  1:46  Metabolic Boost  
  21  1:50  Drone  
  22  1:55  Overlord  
  22  2:14  Queen  
  24  2:16  Drone  
  24  2:18  Zergling x2  
  26  2:23  Zergling x2  
  27  2:43  Zergling x6, Baneling Nest  
  28  2:54  Overlord  
  28  2:55  Zergling x4  
  28  2:56  Zergling x4  
  32  3:12  Zergling x4  
  34  3:22  Zergling x4  
  34  3:23  Zergling x4  
  34  3:26  Zergling x2  
  34  3:27  Zergling x6  
  41  3:33  Baneling x3  
  41  3:34  Baneling x3  
  42  3:35  Baneling  
  42  3:36  Baneling  
  42  3:38  Baneling  
  42  3:45  Zergling x4  
  34  4:09  Drone x4  
  35  4:10  Drone x3  
  32  4:18  Drone x3  
  34  4:30  Drone x3  
  34  4:31  Drone  
  37  4:36  Spore Crawler  
  36  4:38  Spore Crawler  
  35  4:49  Drone x5  
  35  4:50  Drone  
  41  4:56  Extractor  
  41  4:57  Extractor  
  39  5:01  Zergling x8  
  39  5:02  Zergling x2  
  44  5:08  Lair  
  39  5:26  Drone x3  
  39  5:27  Drone x3  
  43  5:32  Overlord  
  43  5:46  Queen  
  43  5:52  Drone x5  
  48  6:01  Drone x2  
  48  6:02  Drone, Overlord  
  51  6:08  Spire  
  50  6:11  Drone  
  50  6:18  Overlord  
  51  6:23  Extractor  
  50  6:32  Zergling x18  
  59  6:34  Overlord  
  59  6:39  Queen  
  61  6:42  Baneling x3  
  61  6:43  Baneling  
  61  6:44  Baneling  
  61  6:45  Baneling  
  61  6:46  Baneling x2  
  61  6:47  Baneling  
  54  7:15  Drone x11  
  62  7:19  Extractor  
  61  7:27  Mutalisk x3  
  67  7:33  Mutalisk  
  69  7:38  Mutalisk  
  69  7:39  Mutalisk  
  73  7:51  Mutalisk  
  73  7:57  Overlord  
  75  8:11  Hatchery  
  74  8:18  Centrifical Hooks  
  73  8:22  Mutalisk x2  
  73  8:25  Zergling x8  
  73  8:26  Zergling x2  
  82  8:31  Mutalisk  
  76  8:46  Drone x8  
  84  8:57  Overlord  
  84  8:58  Overlord x2  
  80  9:20  Drone x2  
  80  9:21  Drone x5  
  78  9:32  Corruptor x2  
  78  9:33  Corruptor x3  
  85  9:43  Corruptor  
  84  9:54  Extractor  
  84  9:55  Extractor  
  78  10:07  Hatchery  
  78  10:08  Drone  
  78  10:09  Drone x10  
  78  10:13  Queen  
  90  10:14  Queen  
  92  10:30  Overlord  
  92  10:36  Corruptor x3  
  98  10:55  Corruptor, Overseer  
  98  10:56  Corruptor x2  
  100  11:01  Overlord x4  
Show
View Real Time Build Order
Export as new Build Order

llIIllIllIIl Terran - Winner!

Build Orders: Reaper Expand, Hellion Banshee 

Get SALT Encoding   

  12  0:00  SCV  
  13  0:13  SCV  
  14  0:18  Supply Depot  
  14  0:25  SCV  
  15  0:31  Refinery  
  15  0:41  SCV  
  16  0:48  Barracks  
  16  0:53  SCV  
  17  1:12  SCV  
  18  1:27  SCV  
  19  1:36  Reaper  
  19  1:39  Orbital Command  
  20  1:49  Command Center  
  20  1:59  Factory  
  20  2:05  SCV  
  21  2:12  Supply Depot  
  21  2:14  Barracks Reactor  
  21  2:17  SCV  
  22  2:26  Refinery  
  22  2:29  SCV  
  23  2:41  SCV  
  24  2:53  SCV, Starport  
  25  2:59  Hellion x2  
  25  3:03  Barracks Tech Lab  
  29  3:05  Orbital Command  
  29  3:17  SCV  
  28  3:20  Hellion x2  
  32  3:30  SCV  
  32  3:32  SCV  
  34  3:36  Fusion Core  
  34  3:41  Banshee  
  34  3:44  Hellion  
  34  3:47  SCV  
  43  3:51  Hellion  
  43  3:52  Supply Depot  
  38  4:24  Supply Depot  
  38  4:38  Factory Reactor  
  38  4:42  Fusion Core  
  38  4:46  SCV  
  38  4:51  Supply Depot  
  39  4:54  SCV  
  40  5:01  Banshee  
  40  5:04  SCV  
  44  5:07  Supply Depot  
  44  5:09  SCV  
  45  5:26  Hellion x2  
  45  5:27  SCV x2  
  49  5:36  Refinery  
  49  5:37  Refinery  
  49  5:40  SCV x2, Factory  
  51  5:42  Supply Depot  
  51  5:50  Engineering Bay  
  51  5:52  SCV  
  51  5:53  Hellion x2  
  51  5:56  SCV  
  57  6:04  SCV  
  58  6:11  SCV  
  58  6:16  Supply Depot  
  58  6:20  Supply Depot x2  
  58  6:25  Hellion x2  
  62  6:26  Factory Tech Lab  
  62  6:30  SCV  
  62  6:31  SCV  
  64  6:34  Banshee  
  67  6:42  SCV  
  67  6:43  SCV  
  69  6:53  Supply Depot x2  
  69  6:54  SCV  
  69  6:55  SCV, Hellion  
  69  6:56  Hellion  
  73  7:06  SCV  
  73  7:08  SCV  
  61  7:17  Weapon Refit  
  61  7:18  SCV, Battlecruiser  
  61  7:19  Widow Mine  
  61  7:20  Widow Mine x2  
  61  7:22  Starport  
  74  7:23  SCV  
  75  7:31  SCV  
  75  7:34  Supply Depot  
  75  7:35  SCV  
  77  7:51  Widow Mine  
  77  7:54  Missile Turret  
  77  7:55  Missile Turret x2  
  76  8:11  Missile Turret  
  76  8:12  Missile Turret  
  76  8:13  Missile Turret  
  76  8:18  SCV  
  74  8:21  Factory Reactor  
  74  8:22  Battlecruiser x2  
  74  8:26  SCV  
  87  8:33  Hellion x2  
  91  8:36  SCV  
  92  8:50  Factory  
  92  8:52  Factory  
  89  9:01  Hellion x2  
  89  9:02  Hellion x2  
  97  9:05  SCV  
  97  9:07  Supply Depot  
  98  9:11  Supply Depot  
  98  9:23  Hellion x2  
  100  9:26  Battlecruiser  
  100  9:28  Battlecruiser  
  112  9:33  SCV  
  112  9:38  Hellion x3  
  109  9:56  SCV  
  110  10:01  Widow Mine x2  
  110  10:02  Widow Mine  
  116  10:11  Factory Tech Lab x2  
  116  10:22  Hellion  
  116  10:23  Armory  
  118  10:29  SCV  
  118  10:30  SCV  
  118  10:31  Supply Depot  
  126  10:40  Widow Mine x2  
  126  10:41  Widow Mine x2  
  134  10:47  SCV  
  131  10:59  Widow Mine  
Tags
 
Add a new tag
Caveats
  • Supply blocks, unpowered buildings, or Contaminate may cause inaccurate times.
  • Supply counts are checked every 10 seconds.